 Dungeon Crawl Stone Soup version 0.25.1-2-g60ff931df9 (webtiles) character file.

Game seed: 621543249877850299

11135 sugarjunky the Grappler (level 11, -3/117 HPs)
             Began as a Troll Necromancer on Nov 17, 2020.
             Was a High Priest of Makhleb.
             Slain by an eight-headed hydra (4 damage)
             ... on level 2 of the Lair of Beasts.
             The game lasted 01:24:17 (9680 turns).

sugarjunky the Grappler (Troll Necromancer)         Turns: 9680, Time: 01:24:17

Health: -3/117     AC: 11    Str: 21    XL:     11   Next: 45%
Magic:  14/14      EV:  7    Int: 11    God:    Makhleb [*****.]
Gold:   265        SH:  0    Dex: 10    Spells: 14/16 levels left

rFire    + . .     SeeInvis .     - Unarmed
rCold    x . .     Gourm    +   p - +2 kite shield {rN+}
rNeg     + . .     Faith    .   a - +0 robe
rPois    .         Spirit   .   (helmet restricted)
rElec    .         Reflect  .   y - +0 cloak
rCorr    .         Harm     .   (gloves unavailable)
MR       .....                  (boots unavailable)
Stlth    +.........             (no amulet)
HPRegen  0.69/turn              l - ring of fire
MPRegen  0.14/turn              t - +4 ring of protection

@: confused, mighty, very slightly contaminated, invisible
A: large, unfitting armour, claws 3, fast metabolism 3, gourmand, regeneration
1, shaggy fur 1, tough skin 3
a: Minor Destruction, Lesser Servant of Makhleb, Major Destruction, Greater
Servant of Makhleb, Renounce Religion


You were on level 2 of the Lair of Beasts.
You worshipped Makhleb.
Makhleb was extremely pleased with you.
You were completely stuffed.

You visited 2 branches of the dungeon, and saw 10 of its levels.

You collected 404 gold pieces.
You spent 139 gold pieces at shops.

Inventory:

Hand Weapons
 G - a +4 dire flail of venom
Missiles
 f - 5 large rocks
 h - 273 stones
 j - 24 poisoned darts
 n - 6 boomerangs (quivered)
 u - 3 throwing nets
Armour
 a - a +0 robe (worn)
 p - a +2 kite shield of positive energy (worn)
 y - a +0 cloak (worn)
Jewellery
 l - a ring of fire (left claw)
 t - a +4 ring of protection (right claw)
Wands
 w - a wand of flame (26)
 x - a wand of clouds (2)
Scrolls
 b - 4 scrolls of enchant weapon {unknown}
 d - 5 scrolls of teleportation
 e - 2 scrolls of enchant armour {unknown}
 g - a scroll of vulnerability {unknown}
 i - a scroll of magic mapping {unknown}
 r - a scroll of immolation {unknown}
 v - 2 scrolls of remove curse
 E - a scroll of fog
Potions
 o - a potion of invisibility
 q - 2 potions of ambrosia
 s - a potion of mutation {unknown}
 z - 2 potions of curing {unknown}
 A - a potion of heal wounds {unknown}
 B - a potion of cancellation {unknown}
 C - a potion of magic {unknown}
Comestibles
 c - 33 rations
 m - 2 chunks of flesh


   Skills:
 + Level 9.7 Fighting
 - Level 1.5 Dodging
 - Level 1.0 Stealth
 + Level 11.4 Unarmed Combat
 - Level 3.0 Spellcasting
 - Level 5.0 Necromancy
 * Level 4.5 Invocations


You had 14 spell levels left.
You knew the following spells:

 Your Spells              Type           Power        Failure   Level  Hunger
a - Pain                  Necr           ##..         24%         1    #......
b - Animate Skeleton      Necr           N/A          24%         1    #......

Your spell library contained the following spells:

 Spells                   Type           Power        Failure   Level  Hunger
 Vampiric Draining        Necr           ##........   56%         3    ###....
 Animate Dead             Necr           N/A          93%         4    #####..
 Confusing Touch          Hex            #.......     99%         3    ###....
 Gell's Gravitas          Tloc           #.........   99%         3    ###....
 Petrify                  Tmut/Erth      #.......     100%        4    #####..
 Agony                    Necr           ##......     100%        5    ######.
 Metabolic Englaciation   Hex/Ice        #.........   100%        5    ######.
 Yara's Violent Unravell  Hex/Tmut       #.........   100%        5    ######.


Dungeon Overview and Level Annotations

Branches:
Dungeon (8/15)             Temple (0/1) D:6            Lair (2/6) D:8
  Swamp: Lair:2-4    Shoals: Lair:2-4     Snake: Lair:2-4    Spider: Lair:2-4

Altars:
Dithmenos
Gozag
Hepliaklqana
Kikubaaqudgha
Makhleb
Okawaru
Vehumet
Wu Jian
Xom
Yredelemnul

Shops:
D:6 **

Portals:
Ossuary: D:6

Annotations:
D:4 3 runed translucent doors, TangoThomas's ghost, amateur DgFE
D:5 1 runed translucent door, Mryle's ghost, novice HaHu
D:6 2 transporters
D:7 1 runed translucent door, Crazy Yiuf


Innate Abilities, Weirdness & Mutations

You are too large for most types of armour.
You have claws for hands.
Your metabolism is lightning-fast.
You like to eat raw meat.
Your natural rate of healing is unusually fast.
You are covered in fur. (AC +1)
You have extremely tough skin. (AC +3)


Message History

The eight-headed hydra bites you!
You block the eight-headed hydra's attack.
The eight-headed hydra bites you!
* * * LOW HITPOINT WARNING * * *
You block the eight-headed hydra's attack.
The eight-headed hydra bites you.
* * * LOW HITPOINT WARNING * * *
The eight-headed hydra barely misses you.
You are confused.
You feel invigorated. The eight-headed hydra bites you!
* * * LOW HITPOINT WARNING * * *
The eight-headed hydra bites you.
* * * LOW HITPOINT WARNING * * *
The eight-headed hydra closely misses you.
The eight-headed hydra bites you!
* * * LOW HITPOINT WARNING * * *
The eight-headed hydra bites you.
* * * LOW HITPOINT WARNING * * *
The eight-headed hydra bites you.
You die...

.....♣ ≈≈≈♣ .. #....♣ ≈≈≈♣
...#....♣≈≈≈≈♣§ ...#....♣≈≈≈≈..
........♣≈≈≈... ....D.....≈≈..♣
#....D.≈♣ ♣ #....... #..†@♣
♣♣♣♣♣ ♣ #....P.####....♣♣♣.♣.♣
♣♣♣♣♣♣♣
##...............♣....♣♣♣♣.♣..♣.
#P..............................
#P).............................
#...............................
##.............................#
#P...............#...##.........
##..Z##.+P.......######P.......#


You could see an eight-headed hydra and a four-headed hydra (wandering).

Vanquished Creatures
  Harold (D:8)
  2 two-headed ogres (D:8)
  A black mamba (Lair:1)
  A spiny frog (Lair:2)
  5 komodo dragons
  2 hippogriffs
  2 dream sheep (D:8)
  2 blink frogs (Lair:1)
  4 yaks
  Edmund (D:5)
  3 porcupines
  Duvessa (D:7)
  3 ice beasts
  2 phantoms
  3 black bears
  A centaur (D:6)
  6 crocodiles
  4 ogres
  11 bullfrogs
  A gnoll sergeant (D:5)
  Dowan (D:7)
  14 killer bees (D:8)
  6 scorpions
  5 wights (D:7)
  A howler monkey (D:5)
  6 crimson imps
  3 jellies
  2 hounds
  3 orc priests
  A centaur skeleton (D:5)
  13 orc wizards
  A bullfrog skeleton (D:6)
  3 iguanas
  2 worker ants
  A killer bee zombie (D:7)
  3 hound zombies
  A worker ant zombie (D:6)
  Robin (D:2)
  4 adders
  4 gnolls (D:5)
  A shadow imp (D:5)
  2 adder skeletons
  5 worms
  A dart slug (D:2)
  2 leopard geckos
  41 orcs
  2 ball pythons
  10 bats
  3 giant cockroaches
  16 goblins
  9 hobgoblins
  3 jackals
  3 quokkas
  7 frilled lizards
  7 kobolds
  13 rats
256 creatures vanquished.

Vanquished Creatures (collateral kills)
  A blink frog (Lair:1)
  3 yaks
  A porcupine (Lair:1)
  A crocodile (D:8)
  2 big kobolds (D:8)
  A killer bee (D:8)
  An iguana (D:5)
  Natasha (D:3)
  2 worker ants
  2 gnolls (D:5)
  An adder (D:5)
  A shadow imp (D:5)
  2 dart slugs
  8 orcs
  A ball python (D:4)
  A goblin (D:2)
  3 jackals
  3 bats
35 creatures vanquished.

Vanquished Creatures (others)
  7 fungi (D:8)
7 creatures vanquished.

Grand Total: 298 creatures vanquished

Notes
Turn   | Place    | Note
-------+----------+-------------------------------------------
     0 | D:1      | sugarjunky the Troll Necromancer began the quest for the
                  | Orb.
     0 | D:1      | Reached XP level 1. HP: 16/16 MP: 1/1
    12 | D:1      | Learned a level 1 spell: Animate Skeleton
   161 | D:1      | Reached skill level 1 in Unarmed Combat
   191 | D:1      | Reached XP level 2. HP: 26/26 MP: 2/2
   218 | D:1      | Reached skill level 1 in Fighting
  1024 | D:2      | Reached XP level 3. HP: 29/33 MP: 3/3
  1088 | D:2      | Reached skill level 2 in Unarmed Combat
  1461 | D:2      | Reached XP level 4. HP: 42/42 MP: 4/4
  1649 | D:2      | Noticed Robin
  1689 | D:2      | Killed Robin
  2100 | D:3      | Reached skill level 3 in Unarmed Combat
  2316 | D:3      | Found an opulent altar of Gozag.
  2318 | D:3      | Found an ancient bone altar of Kikubaaqudgha.
  2318 | D:3      | Found a burning altar of Makhleb.
  2318 | D:3      | Found a radiant altar of Vehumet.
  2319 | D:3      | Found a basalt altar of Yredelemnul.
  2333 | D:3      | Became a worshipper of Makhleb the Destroyer
  2446 | D:3      | Reached XP level 5. HP: 50/50 MP: 5/5
  2580 | D:3      | Noticed Natasha
  2585 | D:3      | Killed Natasha
  2740 | D:3      | Found a shimmering altar of Xom.
  3259 | D:4      | Reached XP level 6. HP: 57/61 MP: 7/7
  3276 | D:4      | Reached * piety under Makhleb
  3297 | D:4      | Reached skill level 4 in Unarmed Combat
  3609 | D:4      | Found a runed translucent gate.
  3609 | D:4      | Found a runed translucent gate.
  3609 | D:4      | Found a runed translucent gate.
  3689 | D:4      | Noticed TangoThomas's ghost (amateur DgFE)
  3780 | D:4      | Found an iron altar of Okawaru.
  3842 | D:5      | Entered Level 5 of the Dungeon
  3844 | D:5      | Found a runed translucent door.
  3862 | D:5      | Reached XP level 7. HP: 56/68 MP: 8/8
  4007 | D:5      | Noticed Edmund
  4021 | D:5      | Killed Edmund
  4226 | D:5      | Reached skill level 5 in Unarmed Combat
  4280 | D:5      | Reached ** piety under Makhleb
  4290 | D:5      | Reached XP level 8. HP: 74/78 MP: 10/10
  4628 | D:5      | Noticed Mryle's ghost (novice HaHu)
  4940 | D:6      | Found a staircase to the Ecumenical Temple.
  4958 | D:6      | Reached skill level 5 in Necromancy
  4961 | D:6      | Reached skill level 5 in Fighting
  4961 | D:6      | Reached skill level 6 in Unarmed Combat
  5038 | D:6      | Found Jecoireji's Assorted Antiques.
  5045 | D:6      | Bought a cloak for 139 gold pieces
  5070 | D:6      | Found a transporter.
  5114 | D:6      | Noticed a kobold demonologist
  5153 | D:6      | Found a transporter.
  5162 | D:6      | Noticed a kobold demonologist
  5251 | D:6      | Found a sand-covered staircase.
  5339 | D:6      | Reached *** piety under Makhleb
  5455 | D:6      | Reached XP level 9. HP: 89/89 MP: 12/12
  5507 | D:6      | Found Jeli's Elemental Accessories.
  5649 | D:7      | Reached skill level 7 in Unarmed Combat
  5730 | D:7      | Found a hazy altar of Hepliaklqana.
  6027 | D:7      | Noticed Duvessa
  6027 | D:7      | Noticed Dowan
  6033 | D:7      | Killed Duvessa
  6036 | D:7      | Killed Dowan
  6184 | D:7      | Reached skill level 8 in Unarmed Combat
  6354 | D:7      | Found an ornate altar of the Wu Jian Council.
  6368 | D:7      | Found a runed translucent door.
  6369 | D:7      | Noticed Crazy Yiuf
  6479 | D:7      | Found a shadowy altar of Dithmenos.
  6771 | D:8      | Noticed Harold
  6794 | D:8      | Killed Harold
  6794 | D:8      | Reached skill level 9 in Unarmed Combat
  6823 | D:8      | Reached XP level 10. HP: 89/104 MP: 13/13
  6825 | D:8      | Reached **** piety under Makhleb
  7423 | D:8      | Found a staircase to the Lair.
  7485 | D:8      | Noticed a two-headed ogre
  7507 | D:8      | Killed a two-headed ogre
  7507 | D:8      | Reached skill level 10 in Unarmed Combat
  7724 | D:8      | Noticed a two-headed ogre
  7735 | D:8      | Killed a two-headed ogre
  7986 | D:8      | Noticed a three-headed hydra
  8094 | Lair:1   | Entered Level 1 of the Lair of Beasts
  8210 | Lair:1   | Reached skill level 1 in Invocations
  8210 | Lair:1   | Reached XP level 11. HP: 88/115 MP: 14/14
  8321 | Lair:1   | Reached skill level 11 in Unarmed Combat
  9340 | Lair:2   | Reached ***** piety under Makhleb
  9671 | Lair:2   | Noticed a four-headed hydra
  9674 | Lair:2   | Noticed a four-headed hydra
  9680 | Lair:2   | HP: 1/117 [eight-headed hydra (5)]
  9680 | Lair:2   | Slain by an eight-headed hydra

Illustrated notes

Levels and vault maps discovered:
D:1:      heliophobic_arrival_glass_houses, layout_basic
D:2:      cheibrodos_helix_gallery, layout_rooms, minmay_vboxes, uniq_robin
D:3:      layout_basic, grunt_temple_overflow_open, tgw_xom, uniq_natasha
D:4:      layout_cave_pools, kennysheep_mini_moat, first_ration,
          gammafunk_ghost_necromancy
D:5:      layout_basic, ebering_ghost_sewer_d, uniq_edmund
D:6:      gammafunk_wand_slinger, layout_basic, minmay_temple_entry_arrows,
          nicolae_ossuary_entry_monument, serial_shops, shop_fountains,
          nicolae_elemental_shop
D:7:      layout_loops_corners, old_standard_altar, grunt_dithmenos_shadows,
          basic_altar, uniq_crazy_yiuf_cottage, uniq_duvessa
D:8:      layout_loops_ring, due_lair_maze_entry_diamond, hangedman_ranch
          [blue_anna_fruit_fields], kennysheep_generic_room_2, uniq_harold
Lair:1:   layout_long_grid, grunt_megastairs_3
Lair:2:   layout_regular_city, palyth_hydra_swamp_entry, serial_bayou_shore_a

Skill      XL: |  1  2  3  4  5  6  7  8  9 10 11 |
---------------+----------------------------------+-----
Unarmed Combat | 1 2 3 4 5 6 9 10 11 | 11.4
Fighting       | 1 2 3 4 5 7 9 |  9.7
Spellcasting   | 2 3 |  3.0
Necromancy     | 4 5 |  5.0
Invocations    | 1 4 |  4.5
Dodging        | |  1.5
Stealth        | |  1.0

Action                   |  1- 3 |  4- 6 |  7- 9 | 10-12 || total
-------------------------+-------+-------+-------+-------++-------
Melee: Unarmed           |   138 |   220 |   337 |   230 ||   925
       Punch             |     1 |       |       |       ||     1
Throw: Stone             |    25 |       |       |       ||    25
       Boomerang         |       |    55 |    91 |    65 ||   211
       Throwing net      |       |       |     1 |       ||     1
       Large rock        |       |       |       |     1 ||     1
 Cast: Animate Skeleton  |    16 |    27 |    26 |    18 ||    87
       Pain              |       |       |     4 |       ||     4
Invok: Minor Destruction |       |       |     1 |       ||     1
Evoke: Wand              |       |       |     2 |     6 ||     8
  Use: Scroll            |       |     5 |     2 |     6 ||    13
       Potion            |       |     1 |     3 |     9 ||    13
 Stab: Sleeping          |     1 |       |       |     1 ||     2
       Distracted        |       |       |     2 |     1 ||     3
       Invisible         |       |       |       |     2 ||     2
  Eat: Chunk             |    20 |    23 |    26 |    31 ||   100
Armor: Robe              |    58 |    77 |   113 |    44 ||   292
       Skin              |       |    10 |    30 |    53 ||    93
Dodge: Dodged            |    57 |    54 |    66 |    43 ||   220
Block: Kite shield       |       |    90 |   128 |    77 ||   295
